Map: Ulrena

Players

GothicGhost - Winner!

  • Race: Protoss Protoss

LiquidMaNa

  • Race: Protoss Protoss

VOD

Have the link to the VOD?

Description

Time

  • Played on: April 27, 2016, 6:01 p.m.
  • Length: 5:37
Show
View Real Time Build Order
Export as new Build Order

GothicGhost Protoss - Winner!

Build Orders:  

Get SALT Encoding   

  12  0:02  Probe (Chrono Boost)  
  13  0:13  Probe (Chrono Boost)  
  14  0:20  Pylon  
  14  0:23  Probe (Chrono Boost)  
  15  0:38  Probe (Chrono Boost)  
  15  0:39  Gateway  
  16  0:42  Assimilator  
  16  0:49  Probe (Chrono Boost)  
  17  0:53  Assimilator  
  17  1:00  Probe (Chrono Boost)  
  18  1:09  Gateway  
  18  1:10  Probe (Chrono Boost)  
  19  1:21  Probe (Chrono Boost)  
  20  1:28  Cybernetics Core  
  20  1:31  Probe (Chrono Boost)  
  21  1:42  Probe (Chrono Boost)  
  22  1:54  Pylon  
  22  1:57  Pylon  
  22  1:59  Probe (Chrono Boost)  
  23  2:06  Warp Gate (Chrono Boost)  
  23  2:13  Mothership Core (Chrono Boost)  
  25  2:20  Stalker  
  25  2:21  Stalker  
  29  2:33  Pylon  
  29  2:41  Robotics Facility  
  29  2:57  Stalker x2  
  33  3:10  Gateway  
  33  3:27  Stalker x2  
  37  3:44  Immortal (Chrono Boost)  
  41  3:48  Pylon  
  41  4:18  Warp Prism (Chrono Boost)  
  41  4:22  Stalker x3  
  47  4:38  Pylon  
  47  4:50  Observer (Chrono Boost)  
  50  5:20  Stalker  
  50  5:21  Stalker x2  
Show
View Real Time Build Order
Export as new Build Order

LiquidMaNa Protoss 

Build Orders: Nexus First 

Get SALT Encoding   

  12  0:01  Probe (Chrono Boost)  
  13  0:11  Probe (Chrono Boost)  
  14  0:18  Pylon  
  14  0:23  Probe (Chrono Boost)  
  15  0:36  Probe (Chrono Boost)  
  16  1:00  Nexus  
  16  1:02  Probe (Chrono Boost)  
  17  1:13  Probe (Chrono Boost)  
  17  1:15  Gateway  
  18  1:25  Probe (Chrono Boost)  
  19  1:26  Assimilator  
  19  1:31  Pylon  
  19  1:37  Probe (Chrono Boost)  
  20  1:46  Assimilator  
  20  2:07  Cybernetics Core  
  20  2:10  Probe (Chrono Boost)  
  20  2:13  Probe (Chrono Boost)  
  23  2:23  Probe x2 (Chrono Boost)  
  24  2:35  Probe (Chrono Boost)  
  25  2:37  Probe (Chrono Boost)  
  26  2:46  Probe (Chrono Boost)  
  27  2:53  Warp Gate (Chrono Boost)  
  27  2:54  Mothership Core (Chrono Boost)  
  29  2:59  Robotics Facility  
  29  3:03  Gateway  
  28  3:06  Probe (Chrono Boost)  
  28  3:10  Pylon  
  29  3:15  Stalker (Chrono Boost)  
  29  3:18  Probe (Chrono Boost)  
  32  3:20  Probe (Chrono Boost)  
  33  3:40  Mothership Core  
  32  3:53  Immortal (Chrono Boost)  
  32  3:55  Stalker  
  38  3:57  Stalker  
  40  4:03  Forge  
  40  4:05  Gateway  
  40  4:07  Pylon  
  36  4:53  Twilight Council  
  36  4:57  Gateway  
  36  5:00  Gateway  
  36  5:01  Observer (Chrono Boost)  
  35  5:15  Stalker x2  
  39  5:24  Pylon  
Tags
 
Add a new tag
Caveats
  • Supply blocks, unpowered buildings, or Contaminate may cause inaccurate times.
  • Supply counts are checked every 10 seconds.